 Dungeon Crawl Stone Soup version 0.24-a0-434-gd57e52fea8 (webtiles) character file.

Game seed: 17570491721044777944

135 Azzok the Shield-Bearer (level 5, -4/41 HPs)
             Began as a Formicid Fighter on June 16, 2019.
             Killed from afar by an orc wizard (9 damage)
             ... with a magic dart
             ... on level 3 of the Dungeon.
             The game lasted 00:02:28 (1940 turns).

Azzok the Shield-Bearer (Formicid Fighter)          Turns: 1940, Time: 00:02:29

Health: -4/41      AC:  6    Str: 22    XL:     5   Next: 42%
Magic:  5/5        EV:  8    Int:  7    God:
Gold:   108        SH: 10    Dex: 10    Spells: 4/4 levels left

rFire    . . .     SeeInvis +   a - +0 war axe
rCold    . . .     Gourm    .   c - +0 shield
rNeg     . . .     Faith    .   b - +0 scale mail
rPois    .         Spirit   .   (helmet unavailable)
rElec    .         Reflect  .   (no cloak)
rCorr    .         Harm     .   (no gloves)
MR       .....                  (no boots)
Stlth    ..........             (no amulet)
HPRegen  0.13/turn              (no ring)
MPRegen  0.09/turn              (no ring)

@: no status effects
A: permanent stasis, dig shafts and tunnels, four strong arms, antennae 3
a: Dig, Shaft Self


You were on level 3 of the Dungeon.
You were not hungry.

You visited 1 branch of the dungeon, and saw 3 of its levels.

You collected 108 gold pieces.

Inventory:

Hand Weapons
 a - a +0 war axe (weapon)
Armour
 b - a +0 scale mail (worn)
 c - a +0 shield (worn)
Scrolls
 g - a scroll of fog {unknown}
 h - a scroll of blinking {unknown}
 i - 4 scrolls of identify {unknown}
 l - 2 scrolls of noise {unknown}
 m - a scroll of magic mapping {unknown}
 o - 4 scrolls of remove curse {unknown}
 p - 2 scrolls of amnesia {unknown}
Potions
 d - 3 potions of might
 e - 4 potions of flight {unknown}
 j - a potion of lignification {unknown}
 k - a potion of agility
 n - 2 potions of curing {unknown}
 q - a potion of heal wounds {unknown}
Comestibles
 f - 5 rations
 r - a chunk of flesh


   Skills:
 - Level 3.2 Fighting
 + Level 3.9 Axes
 - Level 3.2 Armour
 + Level 5.5 Shields


You had 4 spell levels left.
You didn't know any spells.
Your spell library was empty.

Dungeon Overview and Level Annotations

Branches:
Dungeon (3/15)

Altars:


Innate Abilities, Weirdness & Mutations

You cannot be hasted, slowed, berserked, paralysed or teleported.
You can dig through walls and to a lower floor.
Your four strong arms can wield two-handed weapons with a shield.
You have a pair of large antennae on your head. (SInv)


Message History

The orc wizard hits you but does no damage. x2
Your shield prevents you from hitting the orc wizard.
The orc wizard is heavily wounded.
The orc wizard hits you with a +0 dagger. x2
You miss the orc wizard.
The orc wizard is moderately wounded.
The orc wizard points at you and mumbles some strange words.
The magic dart hits you.
* * * LOW HITPOINT WARNING * * *
The orc wizard hits you but does no damage.
You hit the orc wizard but do no damage.
The orc wizard is moderately wounded.
The orc wizard casts a spell.
The orc wizard blinks!
The orc wizard gestures at you while chanting.
The magic dart hits you!
* * * LOW HITPOINT WARNING * * *
The orc wizard gestures at you while chanting.
The magic dart hits you!
You die...

▒▒▒▒▒▒▒▒▒
▒·······▒ ▒▒▒▒▒▒
▒··▒▒▒▒·▒
▒▒···▒▒▒▒··▒▒▒▒·▒▒
···▒···········)·▒
▒▒···▒▒▒▒··▒▒▒▒··▒
▒▒▒▒▒▒ ▒······)·▒
▒▒▒ ▒▒▒▒▒▒▒▒@▒ ··▒
▒§▒ ▒·▒ ▒·······▒
▒·▒ ▒·▒▒·▒▒·▒ ▒·▒
▒ ▒·▒ ▒ ▒·▒ ▒··
··▒ ▒o· ▒·▒▒▒ ▒·▒
▒··· { ···


You could see an orc wizard.

Vanquished Creatures
  2 orc wizards (D:3)
  A worker ant zombie (D:3)
  An adder (D:2)
  2 oozes
  3 dart slugs (D:1)
  A leopard gecko (D:3)
  An orc (D:3)
  A giant cockroach (D:2)
  9 goblins
  6 hobgoblins
  8 kobolds
  7 bats
  11 frilled lizards
  5 rats
58 creatures vanquished.

Notes
Turn   | Place    | Note
-------+----------+-------------------------------------------
     0 | D:1      | Azzok the Formicid Fighter began the quest for the Orb.
     0 | D:1      | Reached XP level 1. HP: 18/18 MP: 1/1
    73 | D:1      | Reached XP level 2. HP: 23/24 MP: 2/2
    74 | D:1      | Reached skill level 4 in Shields
   285 | D:1      | Reached XP level 3. HP: 29/29 MP: 3/3
  1126 | D:2      | Reached XP level 4. HP: 26/35 MP: 4/4
  1809 | D:3      | Reached skill level 5 in Shields
  1925 | D:3      | Reached XP level 5. HP: 32/41 MP: 5/5
  1940 | D:3      | Killed from afar by an orc wizard

Levels and vault maps discovered:
D:1:      minmay_arrival_arboretum_small, layout_loops_corners
D:2:      layout_rooms, minmay_lizard_pond
D:3:      layout_loops_cross, minmay_ogre_servants

Skill      XL: |  1  2  3  4 |
---------------+-------------+-----
Shields        | 4 5 |  5.5
Axes           | 3 |  3.9
Fighting       | |  3.2
Armour         | |  3.2

Action                   |  1- 3 |  4- 6 || total
-------------------------+-------+-------++-------
Melee: War axe           |    82 |   111 ||   193
  Eat: Chunk             |     1 |     3 ||     4
Armor: Scale mail        |    25 |    37 ||    62
Dodge: Dodged            |    27 |    30 ||    57
Block: Shield            |    38 |    64 ||   102

Table legend:
 A = Non-vault XP
 B = Vault XP
 C = Vault XP percentage of total XP
 D = Non-vault monster count
 E = Vault monster count
 F = Vault count percentage of total count
                 A         B        C        D         E       F
            +---------+---------+-------+---------+---------+-------
      Total |     186 |       8 |   4.1 |      50 |       8 |  13.8
            +---------+---------+-------+---------+---------+-------
        D:1 |      52 |       0 |   0.0 |      26 |       0 |   0.0
        D:2 |      40 |       8 |  16.7 |      17 |       8 |  32.0
        D:3 |      94 |       0 |   0.0 |       7 |       0 |   0.0
            +---------+---------+-------+---------+---------+-------
